 Dungeon Crawl Stone Soup version 0.30.1-9-gdf580d7c3d (webtiles) character file.

Game seed: 7234210652542091317

230 booth the Chopper (level 5, -4/46 HPs)
             Began as a Demonspawn Monk on Oct 7, 2023.
             Was a Follower of Uskayaw.
             Slain by Crazy Yiuf
             ... wielding a +3 quarterstaff of chaos
              (12 damage)
             ... on level 4 of the Dungeon.
             The game lasted 00:19:53 (3151 turns).

booth the Chopper (Demonspawn Monk)                 Turns: 3151, Time: 00:19:53

Health: -4/46      AC: 11    Str: 13    XL:     5   Next: 72%
Magic:  6/6        EV: 11    Int: 11    God:    Uskayaw [*.....]
Gold:   131        SH:  4    Dex: 18    Spells: 4/4 levels left

rFire   . . .        a - +0 hand axe
rCold   . . .        r - +0 buckler
rNeg    . . .        v - +2 ring mail {rPois}
rPois   +            (helmet restricted)
rElec   .            (no cloak)
rCorr   .            (no gloves)
SInv    .            (no boots)
Will    .....        (no amulet)
Stlth   ++           k - +4 ring of protection
HPRegen 0.27/turn    (no ring)
MPRegen 0.10/turn

%: no passive effects
@: brilliant, hasted, very quick
A: antennae 2, thin skeletal structure 1, robust 1
a: Renounce Religion, Stomp


You were on level 4 of the Dungeon.
You worshipped Uskayaw.
Uskayaw was noncommittal.
You visited 1 branch of the dungeon, and saw 4 of its levels.

You collected 131 gold pieces.

Inventory:

Hand Weapons
 a - a +0 hand axe (weapon)
Missiles
 j - 4 poisoned darts
 m - 6 boomerangs (quivered)
Armour
 b - a +1 robe
 d - an orb of light
 r - a +0 buckler (worn)
 v - a +2 ring mail of poison resistance (worn)
Jewellery
 k - a +4 ring of protection (left hand)
Wands
 f - a wand of flame (14)
Scrolls
 l - a scroll of poison
 o - a scroll of vulnerability {unknown}
 q - a scroll of fear {unknown}
 s - a scroll of blinking
 t - a scroll of magic mapping {unknown}
 u - a scroll of teleportation {unknown}
Potions
 c - 3 potions of ambrosia
 e - a potion of lignification
 g - 2 potions of attraction
 n - a potion of curing


   Skills:
 + Level 4.0 Fighting
 * Level 4.3 Axes
 + Level 3.6 Dodging
 * Level 2.3 Invocations


You had 4 spell levels left.
You didn't know any spells.
Your spell library was empty.

Dungeon Overview and Level Annotations

Branches:
Dungeon (4/15)             Temple (0/1) D:4

Altars:
Kikubaaqudgha
Nemelex Xobeh
Qazlal
Ru
Uskayaw

Annotations:
D:4 Crazy Yiuf


Innate Abilities, Weirdness & Mutations

You have a pair of antennae on your head.
You have a somewhat thin skeletal structure. (Dex +2, Stealth+)
You are robust. (+10% HP)


Message History

You hit Crazy Yiuf.
Crazy Yiuf is lightly wounded.
Crazy Yiuf closely misses you.
You closely miss Crazy Yiuf.
Crazy Yiuf is lightly wounded.
You block Crazy Yiuf's attack.
You hit Crazy Yiuf.
Crazy Yiuf is lightly wounded.
You block Crazy Yiuf's attack.
You hit Crazy Yiuf.
Crazy Yiuf is heavily wounded.
Crazy Yiuf hits you with a +3 quarterstaff of chaos.
Crazy Yiuf freezes you.
You closely miss Crazy Yiuf.
Crazy Yiuf is moderately wounded.
Crazy Yiuf grits, "Prologue!
Aardvark bush sanguine."
Crazy Yiuf closely misses you.
You hit Crazy Yiuf but do no damage.
Crazy Yiuf is moderately wounded.
Crazy Yiuf hits you with a +3 quarterstaff of chaos.
Crazy Yiuf burns you.
* * * LOW HITPOINT WARNING * * *
It was a potion of brilliance.
You feel clever all of a sudden.
Crazy Yiuf screams, "Island!
Prologue testudinal seventy."
Crazy Yiuf barely misses you.
You closely miss Crazy Yiuf.
Crazy Yiuf is moderately wounded.
Crazy Yiuf misses you.
Crazy Yiuf hits you with a +3 quarterstaff of chaos.
* * * LOW HITPOINT WARNING * * *
It was a potion of haste.
You feel yourself speed up.
Crazy Yiuf hits you with a +3 quarterstaff of chaos.
* * * LOW HITPOINT WARNING * * *
You hit Crazy Yiuf but do no damage.
Crazy Yiuf is moderately wounded.
You hit Crazy Yiuf.
Crazy Yiuf is severely wounded.
Crazy Yiuf hits you with a +3 quarterstaff of chaos!
You die...

#....# #.###
#.##..##.. #.####
#.#[# #.##......
#.# #...#
#.###.##.. #.#
##### #.# #.##..
#.# #.###.##..
##.##♣♣♣♣♣
#.....#...
#......♣.♣♣♣ ###
#####.....
#....PP.♣..♣#...#
#.....
#....P.♣♣♣♣@g...#
#....< ##...P♣♣
♣♣#..)# #.....
####♣♣ ### #.#.##
####.#...
##....###. ###
##.###...#.
#.###.## #._...
#.##.## #...#.
#.##.# #.###.


You could see Crazy Yiuf.

Vanquished Creatures
  A scorpion (D:4)
  11 adders
  A worm (D:2)
  A dart slug (D:1)
  An orc (D:4)
  6 ball pythons
  7 bats
  7 endoplasms
  3 giant cockroaches
  8 goblins
  2 hobgoblins
  2 jackals (D:1)
  4 quokkas
  2 frilled lizards (D:1)
  9 kobolds
  2 rats
67 creatures vanquished.

Notes
Turn   | Place    | Note
-------+----------+-------------------------------------------
     0 | D:1      | booth the Demonspawn Monk began the quest for the Orb.
     0 | D:1      | Reached XP level 1. HP: 18/18 MP: 1/1
    89 | D:1      | Gained mutation: You have a somewhat thin skeletal
                  | structure. (Dex +2, Stealth+) [demonic ancestry]
    89 | D:1      | Reached XP level 2. HP: 21/24 MP: 2/2
   646 | D:1      | Reached XP level 3. HP: 29/29 MP: 3/3
  1071 | D:2      | Gained mutation: You have a pair of small antennae on your
                  | head. [demonic ancestry]
  1071 | D:2      | Reached XP level 4. HP: 37/37 MP: 4/4
  1432 | D:2      | Found a faded altar of an unknown god.
  1437 | D:2      | Prayed at the altar of an unknown god.
  1437 | D:2      | Became a worshipper of Uskayaw the Reveller
  1437 | D:2      | Reached * piety under Uskayaw
  1437 | D:2      | Reached ** piety under Uskayaw
  1773 | D:3      | Gained mutation: You have a pair of antennae on your head.
                  | [demonic ancestry]
  1773 | D:3      | Reached XP level 5. HP: 40/42 MP: 5/5
  1798 | D:3      | Reached skill level 1 in Invocations
  2322 | D:3      | Gained mutation: You are robust. (+10% HP) [potion of
                  | mutation]
  2424 | D:4      | Found a stormy altar of Qazlal.
  2453 | D:4      | Found an ancient bone altar of Kikubaaqudgha.
  2524 | D:4      | Found a runed translucent door.
  2525 | D:4      | Noticed Crazy Yiuf
  2594 | D:4      | Reached *** piety under Uskayaw
  2687 | D:4      | Found a staircase to the Ecumenical Temple.
  2736 | D:4      | Found a hide-covered altar of Uskayaw.
  2745 | D:4      | Found a sparkling altar of Nemelex Xobeh.
  2810 | D:4      | Noticed a +0 hand axe
  2811 | D:4      | Noticed a +0 dagger
  2926 | D:4      | Found a sacrificial altar of Ru.
  3151 | D:4      | Slain by Crazy Yiuf

Illustrated notes

Levels and vault maps discovered:
D:1:      amcnicky_arrival_single_pillar, layout_basic, st_stairs_6
D:2:      layout_basic, shapermc_ecumenical_altar_petra,
          minmay_shallow_snake_nest
D:3:      layout_basic
D:4:      layout_loops_ring, dancing_weapons_uskayaw,
          nicolae_overflow_crystal_walls, nicolae_ru_awakened_eye,
          mainiacjoe_overflow_large_starburst, minmay_temple_entry_stoned_glass,
          st_stairs_6, uniq_crazy_yiuf_cottage

Skill      XL: |  1  2  3  4  5 |
---------------+----------------+-----
Axes           | 3 4 |  4.3
Dodging        | 3 |  3.6
Invocations    | 2 |  2.3
Fighting       | 4 |  4.0

Action                     |  1- 3 |  4- 6 || total
---------------------------+-------+-------++-------
  Melee: Hand axe          |    97 |   123 ||   220
  Throw: Boomerang         |       |    12 ||    12
    Use: Scroll            |     2 |     3 ||     5
         Potion            |       |     5 ||     5
   Stab: Sleeping          |     1 |     1 ||     2
         Distracted        |       |     1 ||     1
 Armour: Robe              |    29 |    29 ||    58
         Ring mail         |       |     1 ||     1
  Dodge: Dodged            |    71 |    72 ||   143
  Block: Buckler           |       |     8 ||     8
